 Dungeon Crawl Stone Soup version 0.27-a0-597-g524d869a0f (webtiles) character file.

Game seed: 421853844770488217

14 kae the Ruffian (level 2, -2/25 HPs)
             Began as a Naga Transmuter on Mar 11, 2021.
             Slain by a jackal (3 damage)
             ... on level 1 of the Dungeon.
             The game lasted 00:00:30 (366 turns).

kae the Ruffian (Naga Transmuter)                    Turns: 366, Time: 00:00:30

Health: -2/25      AC:  1    Str: 12    XL:     2   Next: 45%
Magic:  4/5        EV:  9    Int: 13    God:
Gold:   19         SH:  0    Dex: 11    Spells: 4/5 levels left

rFire    . . .     SeeInvis +     - Unarmed
rCold    . . .     Faith    .   (no shield)
rNeg     . . .     Spirit   .   a - +0 robe
rPois    +         Reflect  .   (helmet currently unavailable)
rElec    .         Harm     .   (no cloak)
rCorr    .         Rampage  .   (no gloves)
Will     .....                  (no barding)
Stlth    +.........             (no amulet)
HPRegen  0.08/turn              (no ring)
MPRegen  0.09/turn              (no ring)

@: appendages (expiring), very slow
A: large, horns 2, see invisible, deformed body, poison resistance, slowness 2,
spit poison 1, naga tail 1, AC +0
a: Spit Poison, End Transformation


You were on level 1 of the Dungeon.
You had grown temporary horns.
You visited 1 branch of the dungeon, and saw 1 of its levels.

You collected 19 gold pieces.

Inventory:

Armour
 a - a +0 robe (worn)
Jewellery
 c - a +6 ring of dexterity


   Skills:
 + Level 1.1 Fighting
 + Level 1.6 Dodging
 * Level 3.3 Unarmed Combat
 + Level 2.1 Spellcasting
 * Level 2.3 Transmutations


You had 4 spell levels left.
You knew the following spells:

 Your Spells              Type           Power      Damage    Failure   Level
a - Beastly Appendage     Tmut           14%        N/A       10%         1

Your spell library contained the following spells:

 Spells                   Type           Power      Damage    Failure   Level
 Wereblood                Tmut           7%         N/A       14%         2
 Spider Form              Tmut/Pois      2%         N/A       43%         3
 Ice Form                 Ice/Tmut       4%         N/A       83%         4
 Blade Hands              Tmut           3%         N/A       95%         5


Dungeon Overview and Level Annotations

Branches:
Dungeon (1/15)

Altars:


Innate Abilities, Weirdness & Mutations

Your serpentine skin is tough. (AC +0)
You have supernaturally acute eyesight. (SInv)
Armour fits poorly on your strangely shaped body.
Your system is resistant to poisons. (rPois)
You cover ground very slowly.
You can spit poison.
You have a snake-like lower body.
You have a pair of horns on your head.


Message History

As you read the scroll labelled TAIPOZXUNKATE, it crumbles to dust.
It is a scroll of identify.
You don't have any unidentified items.
The jackal barely misses you. The jackal closely misses you.
You aren't carrying any scrolls.
Unknown command.
You aren't carrying any items that you can evoke.
You aren't carrying any potions.
Unknown command.
Okay, then.
Abil: Spit Poison
Press: ? - help, Q - select action, (/) - cycle Shift-Dir - straight line, f - jackal
Aim: a jackal (moderately wounded)
The splash of poison misses the jackal.
The jackal bites you.
* * * LOW HITPOINT WARNING * * *
The jackal closely misses you. x2
The jackal bites you but does no damage.
You closely miss the jackal.
The jackal is moderately wounded.
Your transformation is almost over.
The jackal bites you but does no damage.
The jackal bites you.
* * * LOW HITPOINT WARNING * * *
You closely miss the jackal. Your headbutt misses the jackal.
The jackal is heavily wounded.
The jackal closely misses you. The jackal barely misses you. x2
Unknown command.
Unknown command.
You barely miss the jackal.
The jackal is heavily wounded.
The jackal bites you.
* * * LOW HITPOINT WARNING * * *
The jackal barely misses you.
The jackal bites you but does no damage.
You hit the jackal.
You kill the jackal!
You have got your breath back.
The jackal bites you.
You die...

..#############.#
#...............#
#...............#
#....##'##....#.#
#...##...##...#.#
#...#..<..#...#.#
#.#######...##...##...#..
.....hbh.....##+##.......
.......#@................
..b.h.h#................#
.......+................#
.......#...####.#######.#
.......##..# #. #.#
....... ##.## # #.#
####### #..# #.# ##.# #.#
#.# #.#


You could see 2 jackals and a bat.

Vanquished Creatures
  A dart slug (D:1)
  3 goblins (D:1)
  2 jackals (D:1)
  4 kobolds (D:1)
  2 frilled lizards (D:1)
  A rat (D:1)
13 creatures vanquished.

Notes
Turn   | Place    | Note
-------+----------+-------------------------------------------
     0 | D:1      | kae the Naga Transmuter began the quest for the Orb.
     0 | D:1      | Reached XP level 1. HP: 18/18 MP: 3/3
   212 | D:1      | Reached XP level 2. HP: 23/25 MP: 3/5
   365 | D:1      | HP: 1/25 [jackal (2)]
   366 | D:1      | Slain by a jackal

Illustrated notes

Levels and vault maps discovered:
D:1:      dpeg_arrival_shelter, layout_basic, skrybe_limestone_x

Action                   || total
-------------------------++-------
Melee: Unarmed           ||    19
       Headbutt          ||     2
 Cast: Beastly Appendage ||     5
 Abil: Spit Poison       ||    10
  Use: Scroll            ||     1
Armor: Robe              ||     4
Dodge: Dodged            ||    21

Table legend: (Time is in decaauts)
 A = Elapsed time spent in this place.
 B = Non-inter-level travel time spent in this place.
 C = Inter-level travel time spent in this place.
 D = Time resting spent in this place.
 E = Time spent auto-exploring this place.
 F = Levels seen in this place.
 G = Mean time per level.
                   A        B        C        D        E       F      G
               +--------+--------+--------+--------+--------+-----+--------+
         Total |    455 |    455 |      0 |      0 |    389 |   1 |  455.0 |
       Dungeon |    455 |    455 |      0 |      0 |    389 |   1 |  455.0 |
               +--------+--------+--------+--------+--------+-----+--------+

Top non-repeatable levels by time:
     D:1: 455 daAuts
